 Seeded DCSS version 0.27-a0-926-g0e6d9124c6 (webtiles) character file.

Game seed: 1642767598979250077 (custom seed)

4 HELP the Stinger (level 1, 0/11 HPs)
             Began as an Octopode Venom Mage on Apr 9, 2021.
             Slain by a quokka (5 damage)
             ... on level 1 of the Dungeon on Apr 10, 2021.
             The game lasted 00:01:27 (187 turns).

HELP the Stinger (Octopode Venom Mage)               Turns: 187, Time: 00:01:28

Health: 0/11       AC:  1    Str:  7    XL:     1   Next: 70%
Magic:  2/3        EV: 13    Int: 17    God:
Gold:   0          SH:  0    Dex: 12    Spells: 3/4 levels left

rFire    . . .     SeeInvis .   b - +0 dagger
rCold    . . .     Faith    .   (no shield)
rNeg     . . .     Spirit   .   (helmet restricted)
rPois    .         Reflect  .   (no amulet)
rElec    .         Harm     .   (no ring)
rCorr    .         Rampage  .   (no ring)
Will     .....                  (no ring)
Stlth    +++.......             (no ring)
HPRegen  0.03/turn              (no ring)
MPRegen  0.08/turn              (no ring)
                                (no ring)
                                (no ring)

@: no status effects
A: almost no armour, amphibious, 8 rings, camouflage 1, gelatinous body 1,
(nimble swimmer 1), tentacles
a: no special abilities


You were on level 1 of the Dungeon.
You visited 1 branch of the dungeon, and saw 1 of its levels.

Inventory:

Hand Weapons
 b - a +0 dagger (weapon)
Missiles
 c - 8 poisoned darts
Potions
 a - 2 potions of haste {unknown}


   Skills:
 + Level 2.1 Dodging
 + Level 2.8 Stealth
 + Level 2.0 Spellcasting
 + Level 1.1 Transmutations
 + Level 3.7 Poison Magic


You had 3 spell levels left.
You knew the following spells:

 Your Spells              Type           Power      Damage    Failure   Level
a - Sting                 Tmut/Pois      40%        1d5       7%          1

Your spell library contained the following spells:

 Spells                   Type           Power      Damage    Failure   Level
 Poisonous Vapours        Pois/Air       16%        N/A       14%         2
 Ignite Poison            Fire/Tmut/Pois 7%         N/A       30%         3
 Mephitic Cloud           Conj/Pois/Air  5%         N/A       34%         3
 Olgreb's Toxic Radiance  Pois           14%        N/A       38%         4


Dungeon Overview and Level Annotations

Branches:
Dungeon (1/15)

Altars:


Innate Abilities, Weirdness & Mutations

You cannot wear most types of armour.
You are amphibious.
You can wear up to eight rings at the same time.
Your skin changes colour to match your surroundings (Stealth+).
Your rubbery body absorbs attacks. (AC +1, EV +1)
((You are camouflaged near water. (Stealth+)))
You have tentacles for arms and can constrict up to eight enemies at once.


Message History

The goblin shouts!
You grab the goblin. You squeeze the goblin.
The goblin is severely wounded.
You constrict the goblin. The goblin hits you with a +0 dagger.
You hit the goblin.
You kill the goblin!
You see here a +0 dagger.
You start resting.
HP restored.
Found 8 poisoned darts.
Found a stone staircase leading down.
A goblin comes into view. It is wielding a +0 club.
You see here 8 poisoned darts.
Casting: Sting (safe; 7% risk of failure)
Confirm with . or Enter, or press ? or * to list all spells.
Aiming: Sting (safe; 7% risk of failure)
Press: ? - help, Shift-Dir - straight line, f - goblin
Aim: a goblin, wielding a +0 club (wandering, hasn't noticed you, 40% to evade)
The sting hits the goblin.
The goblin is poisoned.
You kill the goblin!
c - 8 poisoned darts A quokka comes into view.
Found a stone staircase leading down.
Casting: Sting (safe; 7% risk of failure)
Confirm with . or Enter, or press ? or * to list all spells.
Okay, then.
Casting: Sting (safe; 7% risk of failure)
Confirm with . or Enter, or press ? or * to list all spells.
Aiming: Sting (safe; 7% risk of failure)
Press: ? - help, Shift-Dir - straight line, f - quokka
Aim: a quokka (40% to evade)
The sting hits the quokka but does no damage.
The quokka is poisoned.
You closely miss the quokka. Your grab misses the quokka. The quokka bites you.
You hit the quokka but do no damage. Your grab misses the quokka.
The quokka is moderately wounded.
The quokka closely misses you.
You hit the quokka. Your grab misses the quokka.
The quokka is heavily wounded.
The quokka bites you. x2
You die...

........# .......#
.......# # #......# #.
#......#
#####.##......###
.................
......#.r......#
..###...@..###.# ..
#.#.#..# #
...##.#.#..###.
................
.....##.#.#..#.##
.....................
....##...##.#.####.##.
. ..................#
..###......#..#.####.#


You could see a quokka (poisoned).

Vanquished Creatures
  4 goblins (D:1)
4 creatures vanquished.

Notes
Turn   | Place    | Note
-------+----------+-------------------------------------------
     0 | D:1      | HELP the Octopode Venom Mage began the quest for the Orb.
     0 | D:1      | Reached XP level 1. HP: 11/11 MP: 3/3
   187 | D:1      | Slain by a quokka

Illustrated notes

Levels and vault maps discovered:
D:1:      lightli_arrival_noodles, layout_basic

Action                   || total
-------------------------++-------
Melee: Dagger            ||     5
       Constrict         ||     1
       Tentacles         ||     1
 Cast: Sting             ||     5
Dodge: Dodged            ||     1

Table legend: (Time is in decaauts)
 A = Elapsed time spent in this place.
 B = Non-inter-level travel time spent in this place.
 C = Inter-level travel time spent in this place.
 D = Time resting spent in this place.
 E = Time spent auto-exploring this place.
 F = Levels seen in this place.
 G = Mean time per level.
                   A        B        C        D        E       F      G
               +--------+--------+--------+--------+--------+-----+--------+
         Total |    186 |    186 |      0 |     88 |      0 |   1 |  186.0 |
       Dungeon |    186 |    186 |      0 |     88 |      0 |   1 |  186.0 |
               +--------+--------+--------+--------+--------+-----+--------+

Top non-repeatable levels by time:
     D:1: 186 daAuts
